Map: [Official] KeSPA Naro Station

Players

boanaan

  • Race: Protoss Protoss
  • League: Master
  • Spawn Location: 1:00

Adonminus - Winner!

  • Race: Protoss Protoss
  • League: Grandmaster
  • Spawn Location: 7:00

VOD

Have the link to the VOD?

Description

Time

  • Played on: Aug. 27, 2021, 11:25 a.m.
  • Length: 4:02
Show
View Real Time Build Order
Export as new Build Order

boanaan Protoss 

Build Orders:  

Get SALT Encoding   

  7  0:04  Probe (Chrono Boost)  
  7  0:05  Pylon  
  8  0:09  Probe (Chrono Boost)  
  8  0:13  Probe (Chrono Boost)  
  9  0:19  Probe  
  10  0:27  Probe  
  12  0:36  Probe  
  12  0:39  Gateway  
  13  0:44  Probe  
  14  0:51  Probe (Chrono Boost)  
  15  0:58  Probe (Chrono Boost)  
  15  1:02  Zealot  
  18  1:05  Probe (Chrono Boost)  
  18  1:08  Probe (Chrono Boost)  
  19  1:14  Probe  
  19  1:17  Assimilator  
  20  1:23  Pylon  
  20  1:25  Probe  
  21  1:28  Pylon  
  22  1:37  Probe  
  22  1:41  Zealot  
  22  1:44  Probe  
  22  1:45  Pylon  
  25  1:53  Probe  
  26  1:57  Gateway  
  26  2:00  Probe  
  27  2:07  Assimilator  
  28  2:10  Probe  
  31  2:18  Stalker (Chrono Boost)  
  31  2:20  Probe  
  31  2:21  Stalker (Chrono Boost)  
  34  2:36  Probe  
  34  2:37  Pylon  
  33  2:44  Stalker  
  28  3:03  Probe (Chrono Boost)  
  28  3:10  Probe (Chrono Boost)  
  29  3:14  Stalker (Chrono Boost)  
  29  3:18  Probe (Chrono Boost)  
  31  3:21  Probe (Chrono Boost)  
  30  3:30  Probe (Chrono Boost)  
  30  3:31  Stalker (Chrono Boost)  
  32  3:37  Probe (Chrono Boost)  
Show
View Real Time Build Order
Export as new Build Order

Adonminus Protoss - Winner!

Build Orders:  

Get SALT Encoding   

  7  0:00  Probe (Chrono Boost)  
  7  0:03  Probe (Chrono Boost)  
  9  0:09  Probe (Chrono Boost)  
  9  0:12  Probe (Chrono Boost)  
  10  0:16  Probe  
  10  0:20  Assimilator  
  11  0:24  Probe  
  12  0:29  Warp Gate  
  12  0:31  Probe  
  12  0:33  Assimilator  
  13  0:39  Probe  
  14  0:46  Probe  
  15  0:54  Probe  
  15  0:55  Pylon  
  16  1:01  Probe  
  17  1:09  Pylon, Probe  
  19  1:20  Probe  
  19  1:22  Twilight Council  
  20  1:41  Gateway  
  20  1:56  Gateway  
  20  1:58  Probe  
  20  2:02  Pylon  
  20  2:06  Probe  
  22  2:25  Pylon  
  22  2:26  Adept  
  22  2:29  Adept  
  26  2:39  Pylon  
  26  2:40  Pylon  
  26  2:54  Probe  
  27  3:09  Stalker  
  27  3:10  Probe  
  29  3:12  Stalker  
  31  3:35  Probe  
  32  3:54  Stalker  
  32  3:55  Stalker  
Tags
 
Add a new tag
Caveats
  • Supply blocks, unpowered buildings, or Contaminate may cause inaccurate times.
  • Supply counts are checked every 10 seconds.